 Dungeon Crawl Stone Soup version 0.29.1-1-gd02db6906a (webtiles) character file.

Game seed: 18176256809019751715

7889 groovy9 the Thaumaturge (level 11, -4/93 HPs)
             Began as a Djinni Conjurer on Sept 27, 2022.
             Was a Priest of Makhleb.
             Slain by Fannar
             ... wielding a +0 quarterstaff of freezing
              (39 damage)
             ... on level 1 of the Lair of Beasts on Sept 28, 2022.
             The game lasted 00:31:13 (12656 turns).

groovy9 the Thaumaturge (Djinni Conjurer)          Turns: 12656, Time: 00:31:14

Health: -4/93      AC:  5    Str:  5    XL:     11   Next: 45%
Gold:   593        EV: 12    Int: 28    God:    Makhleb [***...] SH:  4 Dex: 17

rFire   + + .      SeeInvis +   i - +2 dagger (vorpal)
rCold   x . .      Faith    .   x - +0 buckler
rNeg    . . .      Spirit   .   c - +1 robe of Gehenna {rElec}
rPois   ∞          Reflect  .   (no helmet)
rElec   +          Harm     .   l - +1 cloak
rCorr   .          Rampage  .   (no gloves)
Will    +....                   (boots unavailable)
Stlth   ++........              (no amulet)
HPRegen 0.25/turn               j - ring of see invisible
MPRegen 0.00/turn               u - +6 ring of dexterity

@: flying
A: sickness immunity, fire resistance 2, cold vulnerability 1, float, innate
caster, HP casting, extra vitality 1, clever 1, robust 1
a: Renounce Religion, Minor Destruction, Lesser Servant of Makhleb


You were on level 1 of the Lair of Beasts.
You worshipped Makhleb.
Makhleb was most pleased with you.
You visited 2 branches of the dungeon, and saw 11 of its levels.

You collected 593 gold pieces.

Inventory:

Hand Weapons
 i - a +2 vorpal dagger (weapon)
 D - the +9 trident "Igicroaq" {vorpal, Stlth+}
   (You found it on level 9 of the Dungeon)

   It inflicts extra damage upon your enemies.
   Stlth:     It makes you more stealthy.
Missiles
 w - a curare-tipped dart
 F - a throwing net
Armour
 c - the +1 robe of Gehenna (worn) {rElec}
   (You took it off an orc on level 5 of the Dungeon)

   rElec:     It insulates you from electricity.
 l - a +1 cloak (worn)
 x - a +0 buckler (worn)
 E - a +2 ring mail of cold resistance
 H - a +0 kite shield
Magical Staves
 h - a staff of earth
 t - a staff of cold
Jewellery
 j - a ring of see invisible (left hand)
 u - a +6 ring of dexterity (right hand)
 y - a ring of fire
Wands
 k - a wand of polymorph (13)
 n - a wand of flame (17)
 o - a wand of roots (31)
 r - a wand of acid (22)
 B - a wand of charming (6)
Scrolls
 a - 2 scrolls of fog
 f - 4 scrolls of teleportation
 g - a scroll of summoning
 C - a scroll of immolation
Potions
 b - a potion of might
 d - 2 potions of mutation
 e - 2 potions of ambrosia
 m - 4 potions of curing
 p - 2 potions of lignification
 q - 2 potions of invisibility
 s - a potion of heal wounds
 v - a potion of resistance
 z - 4 potions of haste
 A - 2 potions of brilliance


   Skills:
 + Level 9.8 Fighting
 - Level 2.1 Dodging
 - Level 1.5 Stealth
 * Level 11.3 Spellcasting


You had 5 spell levels left.
You knew the following spells:

 Your Spells              Type           Power      Damage    Failure   Level
a - Magic Dart            Conj           100%       1d8       1%          1
b - Searing Ray           Conj           100%       2d8       1%          2
c - Dazzling Flash        Conj/Hex       100%       N/A       1%          3
d - Fulminant Prism       Conj/Hex       34%        3d16      1%          4
e - Iskenderun's Mystic   Conj/Tloc      68%        2d14      1%          4
f - Freeze                Ice            100%       1d11      1%          1
g - Call Imp              Summ           68%        N/A       1%          2
h - Spider Form           Tmut/Pois      68%        N/A       1%          3
i - Summon Guardian Gole  Hex/Summ       68%        N/A       1%          3
j - Animate Armour        Summ/Erth      100%       N/A       1%          4
Your spell library was empty.

Dungeon Overview and Level Annotations

Branches:
Dungeon (10/15)            Temple (0/1) D:4            Lair (1/5) D:10
    Orc (0/2) D:9

Altars:
Ashenzari
Dithmenos
Gozag
Hepliaklqana
Makhleb
Ru
Trog
Wu Jian
Xom
Yredelemnul

Shops:
D:4 (

Annotations:
Lair:1 Fannar


Innate Abilities, Weirdness & Mutations

You are immune to sickness and miasma.
You are immune to poison.
Your flesh is very heat resistant. (rF++)
You are vulnerable to cold. (rC-)
You float through the air rather than walking.
You learn spells naturally, not from books.
Your magical power is your life essence.
You have superior vitality. (+4 MHP)
Your mind is acute. (Int +4, Str/Dex -1)
You are robust. (+10% HP)


Message History

The mystic blast hits the ice beast!
The ice beast is heavily wounded.
The ice beast is knocked back by the mystic blast.
The ice beast slams into the rock wall!
The ice beast is severely wounded.
Your guardian golem disappears in a puff of smoke!
Casting: Iskenderun's Mystic Blast (safe; 1% risk of failure)
Confirm with . or Enter, or press ? or * to list all spells.
You erupt in a blast of force!
The mystic blast hits the ice beast!
You kill the ice beast!
The ice beast disappears in a puff of smoke!
Fannar is nearby!
Casting: Iskenderun's Mystic Blast (safe; 1% risk of failure)
Confirm with . or Enter, or press ? or * to list all spells.
Aiming: Searing Ray (safe; 1% risk of failure)
Press: ? - help, Shift-Dir - straight line, f/p - Fannar
Aim: Fannar, wielding a +0 quarterstaff of freezing, wearing a +2 robe of cold resistance and wearing a ring of ice (heavily wounded, 72% to hit)
The searing ray misses Fannar. (Press . to maintain the ray.)
Casting: Searing Ray (safe; 1% risk of failure)
Confirm with . or Enter, or press ? or * to list all spells.
You erupt in a blast of force!
The mystic blast hits Fannar!
Fannar is severely wounded.
Fannar is knocked back by the mystic blast.
Casting: Iskenderun's Mystic Blast (safe; 1% risk of failure)
Confirm with . or Enter, or press ? or * to list all spells.
Aiming: Searing Ray (safe; 1% risk of failure)
Press: ? - help, Shift-Dir - straight line, f/p - Fannar
Aim: Fannar, wielding a +0 quarterstaff of freezing, wearing a +2 robe of cold resistance and wearing a ring of ice (severely wounded, 72% to hit)
The searing ray hits Fannar!
Fannar is almost dead. (Press . to maintain the ray.) Fannar glares icily.
Fannar mumbles some strange words.
The searing ray hits Fannar!
Fannar is almost dead.
Fannar gestures wildly while chanting.
Fannar drains the heat from the surrounding environment!
You feel a terrible chill!
You die...

#..............####
#..................
#...........<......
#..................
#..................
#...............##.
##..#####.##.......
#....# #...#.....P..
##†@##.....#.....#..
#...#.. #.....#..
#..## #Y.# #.e# #...
.... ....


You could see Fannar and an ice beast (summoned).

Vanquished Creatures
  3 two-headed ogres
  Grinder (D:3)
  A troll (D:10)
  12 yaks
  A wyvern (D:8)
  A steam dragon (D:6)
  Edmund (D:4)
  7 water moccasins
  2 black bears
  An ice beast (D:7)
  5 orc warriors
  2 sky beasts (D:7)
  An ogre (D:5)
  5 centaurs
  2 phantoms
  A kobold brigand (D:6)
  A gnoll sergeant (D:9)
  2 bullfrogs (D:6)
  2 scorpions (D:5)
  4 wights (D:8)
  A howler monkey (D:5)
  2 orc priests
  3 hounds
  5 iguanas
  Ijyb (D:4)
  Terence (D:3)
  2 orc wizards
  12 adders
  14 gnolls
  A white imp (D:6)
  2 worms (D:2)
  4 dart slugs
  17 orcs
  4 ball pythons
  4 endoplasms
  7 giant cockroaches
  7 goblins
  10 hobgoblins
  4 quokkas
  9 bats
  2 frilled lizards
  9 kobolds
  9 rats
  A spectral orc (D:3)
186 creatures vanquished.

Vanquished Creatures (others)
  A fulminant prism (D:3)
1 creature vanquished.

Grand Total: 187 creatures vanquished

Notes
Turn   | Place    | Note
-------+----------+-------------------------------------------
     0 | D:1      | groovy9 the Djinni Conjurer began the quest for the Orb.
     0 | D:1      | groovy9 set off with the following spells memorised: Magic
                  | Dart, Searing Ray, Dazzling Flash, Fulminant Prism,
                  | Iskenderun's Mystic Blast.
     0 | D:1      | Reached XP level 1. HP: 15/15 MP: 0/0
   346 | D:1      | Reached XP level 2. HP: 16/22 MP: 0/0
   790 | D:1      | Reached skill level 1 in Fighting
  1108 | D:1      | Reached XP level 3. HP: 25/27 MP: 0/0
  1108 | D:1      | Learned a level 1 spell: Freeze
  1656 | D:2      | Reached skill level 4 in Spellcasting
  1656 | D:2      | Reached XP level 4. HP: 16/32 MP: 0/0
  2189 | D:2      | Reached XP level 5. HP: 36/38 MP: 0/0
  2189 | D:2      | Learned a level 2 spell: Call Imp
  3217 | D:3      | Found a burning altar of Makhleb.
  3223 | D:3      | Became a worshipper of Makhleb the Destroyer
  3239 | D:3      | Noticed Terence
  3243 | D:3      | Killed Terence
  3564 | D:3      | Found a shimmering altar of Xom.
  3686 | D:3      | Reached XP level 6. HP: 40/45 MP: 0/0
  3686 | D:3      | Noticed Grinder
  3710 | D:3      | Paralysed by Grinder for 5 turns
  3946 | D:3      | Killed Grinder
  3947 | D:3      | Reached skill level 5 in Spellcasting
  3947 | D:3      | Reached XP level 7. HP: 20/51 MP: 0/0
  3947 | D:3      | Learned a level 3 spell: Spider Form
  4067 | D:3      | Reached * piety under Makhleb
  4756 | D:3      | Found a hazy altar of Hepliaklqana.
  4903 | D:4      | Noticed Ijyb
  4919 | D:4      | Killed Ijyb
  4925 | D:4      | Noticed Edmund
  4932 | D:4      | Killed Edmund
  4933 | D:4      | Reached skill level 6 in Spellcasting
  5280 | D:4      | Reached XP level 8. HP: 48/58 MP: 0/0
  5503 | D:4      | Found Mihaec's Weapon Emporium.
  5653 | D:4      | Found a staircase to the Ecumenical Temple.
  5712 | D:5      | Entered Level 5 of the Dungeon
  6009 | D:5      | Gained mutation: You occasionally lose the ability to read
                  | scrolls when taking damage. [potion of mutation]
  6009 | D:5      | Gained mutation: You are clumsy. (Dex -2) [potion of
                  | mutation]
  6009 | D:5      | Gained mutation: You are somewhat resistant to further
                  | mutation. [potion of mutation]
  6010 | D:5      | Lost mutation: You occasionally lose the ability to read
                  | scrolls when taking damage. [potion of mutation]
  6010 | D:5      | Lost mutation: You are clumsy. (Dex -2) [potion of
                  | mutation]
  6010 | D:5      | Lost mutation: You are somewhat resistant to further
                  | mutation. [potion of mutation]
  6010 | D:5      | Gained mutation: You are occasionally teleported next to
                  | monsters. [potion of mutation]
  6011 | D:5      | Lost mutation: You are occasionally teleported next to
                  | monsters. [potion of mutation]
  6011 | D:5      | Gained mutation: You are partially covered in iridescent
                  | scales. (AC +2) [potion of mutation]
  6011 | D:5      | Gained mutation: Your muscles are strong. (Str +4, Int/Dex
                  | -1) [potion of mutation]
  6012 | D:5      | Lost mutation: Your muscles are strong. (Str +4, Int/Dex
                  | -1) [potion of mutation]
  6012 | D:5      | Lost mutation: You are partially covered in iridescent
                  | scales. (AC +2) [potion of mutation]
  6012 | D:5      | Gained mutation: You are frail. (-10% HP) [potion of
                  | mutation]
  6013 | D:5      | Lost mutation: You are frail. (-10% HP) [potion of
                  | mutation]
  6013 | D:5      | Gained mutation: Your mind is acute. (Int +4, Str/Dex -1)
                  | [potion of mutation]
  6013 | D:5      | Gained mutation: You are robust. (+10% HP) [potion of
                  | mutation]
  6158 | D:5      | Identified the +1 robe of Gehenna {rElec}
  6309 | D:5      | Reached skill level 5 in Fighting
  6495 | D:5      | Reached skill level 7 in Spellcasting
  6745 | D:5      | Found an ornate altar of the Wu Jian Council.
  6955 | D:6      | Reached ** piety under Makhleb
  6956 | D:6      | Reached XP level 9. HP: 62/72 MP: 0/0
  6956 | D:6      | Learned a level 3 spell: Summon Guardian Golem
  7223 | D:6      | Reached skill level 8 in Spellcasting
  8062 | D:7      | Found a shadowy altar of Dithmenos.
  9163 | D:8      | Reached XP level 10. HP: 41/82 MP: 0/0
  9569 | D:8      | Reached skill level 9 in Spellcasting
 10150 | D:8      | Noticed a two-headed ogre
 10156 | D:8      | Killed a two-headed ogre
 10355 | D:9      | Noticed a two-headed ogre
 10362 | D:9      | Killed a two-headed ogre
 10363 | D:9      | Reached skill level 10 in Spellcasting
 10486 | D:9      | Found a bloodstained altar of Trog.
 10486 | D:9      | Found a sacrificial altar of Ru.
 10486 | D:9      | Found a broken altar of Ashenzari.
 10492 | D:9      | Found a basalt altar of Yredelemnul.
 10492 | D:9      | Found an opulent altar of Gozag.
 10547 | D:9      | Identified the +9 trident "Igicroaq" {vorpal, Stlth+}
 10726 | D:9      | Found a staircase to the Orcish Mines.
 11090 | D:9      | Reached XP level 11. HP: 71/92 MP: 0/0
 11090 | D:9      | Learned a level 4 spell: Animate Armour
 11245 | D:10     | Entered Level 10 of the Dungeon
 11251 | D:10     | Noticed a two-headed ogre
 11262 | D:10     | Killed a two-headed ogre
 11262 | D:10     | Reached *** piety under Makhleb
 11420 | D:10     | Reached skill level 11 in Spellcasting
 12039 | D:10     | Found a staircase to the Lair.
 12601 | Lair:1   | Entered Level 1 of the Lair of Beasts
 12642 | Lair:1   | Noticed Fannar
 12656 | Lair:1   | Slain by Fannar

Illustrated notes

Levels and vault maps discovered:
D:1:      saegor_arrival_under_anarchy, layout_loops_corners
D:2:      layout_basic
D:3:      layout_loops_ring, mainiacjoe_overflow_cross_hatched,
          xom_confusion_cloud, nicolae_hepliaklqana_monster_ancestors,
          grunt_ministairs_7, minmay_misc_feat_ornament, uniq_terence,
          uniq_grinder
D:4:      layout_rooms, lemuel_temple_firewalk_a, serial_shops,
          nicolae_shop_temple_entry_statues_fountains, uniq_edmund, uniq_ijyb
D:5:      layout_rooms, mainiacjoe_overflow_big_doors
D:6:      layout_basic, minmay_tree_intersection, kennysheep_crisscross,
          minmay_chambers_of_fives
D:7:      layout_loops_ring, amcnicky_altar_gilded, mainiacjoe_overflow_catwalk
D:8:      layout_gridville, nicolae_hexahallways
D:9:      layout_roguey, minmay_overflow_temple_hex, grunt_decor_clamped
D:10:     layout_long_grid, lair_entry_dummy, serial_bayou_pond_d
Lair:1:   layout_regular_city, uniq_fannar

Skill      XL: |  1  2  3  4  5  6  7  8  9 10 11 |
---------------+----------------------------------+-----
Fighting       | 1 2 3 4 5 7 9 |  9.8
Spellcasting   | 4 5 6 7 8 10 11 | 11.3
Dodging        | |  2.1
Stealth        | |  1.5

Action                   |  1- 3 |  4- 6 |  7- 9 | 10-12 || total
-------------------------+-------+-------+-------+-------++-------
 Cast: Magic Dart        |    57 |    66 |    75 |    36 ||   234
       Searing Ray       |     2 |    17 |    48 |    39 ||   106
       Call Imp          |       |     1 |       |       ||     1
       Fulminant Prism   |       |     1 |       |       ||     1
       Iskenderun's Myst |       |     2 |    31 |    44 ||    77
       Dazzling Flash    |       |     1 |       |       ||     1
       Summon Guardian G |       |       |       |     1 ||     1
  Use: Scroll            |       |     2 |    12 |     3 ||    17
       Potion            |       |     1 |    14 |     1 ||    16
Armor: Robe              |     1 |     2 |     1 |     2 ||     6
Dodge: Dodged            |     1 |     7 |    22 |    17 ||    47
Block: Buckler           |       |       |       |     6 ||     6
